 Dungeon Sprint DCSS version 0.27-a0-1245-g940ed4fa31 (webtiles) character file.

Game seed: 3851721049720478329

9459 mhtbhm the Warrior (level 11, -18/157 (184) HPs)
             Began as a Naga Berserker on June 9, 2021.
             Was a High Priest of Trog.
             Killed from afar by a shadow dragon (47 damage)
             ... with a bolt of negative energy
             ... in the Dungeon (Sprint I: "Red Sonja").
             The game lasted 00:06:13 (3583 turns).

mhtbhm the Warrior (Naga Berserker)                 Turns: 3583, Time: 00:06:14

HP:   -18/157 (184) AC:  9    Str: 27    XL:     11   Next: 46%
MP:   11/11         EV: 13    Int: 11    God:    Trog [*****.]
Gold: 1970          SH:  0    Dex: 12    Spells: 10/10 levels left

rFire    + . .     SeeInvis +   a - +3 whip of the Open Hand {freeze, rF+ Str+4 Dex+2}
rCold    . . .     Faith    .   (no shield)
rNeg     . . .     Spirit   .   b - +0 troll leather armour
rPois    +         Reflect  .   o - +1 helmet {Int+3}
rElec    .         Harm     .   k - scarf {repulsion}
rCorr    .         Rampage  .   (no gloves)
Will     +....     NoTele   +   (no barding)
Stlth    ..........             (no amulet)
HPRegen  1.36/turn              (no ring)
MPRegen  0.12/turn              (no ring)

@: berserking, lethally poisoned (-18 -> -19), heavily drained, repel missiles,
quick
A: AC +3, large, see invisible, deformed body, poison resistance, slowness 2,
spit poison 1, naga tail 1
a: Spit Poison, Renounce Religion, Berserk, Trog's Hand, Brothers in Arms


You were in the Dungeon.
You worshipped Trog.
Trog was extremely pleased with you.
You visited 1 branch You collected 2691 gold pieces.
You spent 721 gold pieces at shops.

Inventory:

Hand Weapons
 a - the +3 whip of the Open Hand (weapon) {freeze, rF+ Str+4 Dex+2}
   (You bought it in a shop in the Dungeon)

   It has been specially enchanted to freeze those struck by it, causing extra
   injury to most foes and up to half again as much damage against particularly
   susceptible opponents.
   It can also slow down cold-blooded creatures.
   It affects your strength (+4).
   It affects your dexterity (+2).
   It protects you from fire.
Missiles
 d - 2 curare-tipped darts (quivered)
 l - 7 boomerangs of dispersal
Armour
 b - a +0 troll leather armour (worn)
 k - a scarf of repulsion (worn)
 o - a +1 helmet of intelligence (worn)
Wands
 i - a wand of polymorph (6)
 m - a wand of iceblast (8)
Scrolls
 h - a scroll of blinking
 j - 2 scrolls of summoning {unknown}
 n - a scroll of holy word
 p - a scroll of immolation {unknown}
Potions
 c - 2 potions of curing
 e - a potion of haste
 f - 2 potions of magic
 g - a potion of berserk rage


   Skills:
 + Level 15.5 Fighting
 + Level 15.2 Maces & Flails
 + Level 0.8 Throwing
 + Level 10.3 Armour
 + Level 9.1 Dodging
 + Level 8.3 Stealth
 + Level 1.9 Evocations


You had 10 spell levels left.
You didn't know any spells.
Your spell library was empty.

Dungeon Overview and Level Annotations

Branches:
Dungeon (1/1)

Altars:
Cheibriados
Dithmenos
Elyvilon
Fedhas
Gozag
Hepliaklqana
Kikubaaqudgha
Makhleb
Nemelex Xobeh
Okawaru
Qazlal
Ru
Sif Muna
Trog
Uskayaw
Vehumet
Wu Jian
Xom
Yredelemnul
Zin
The Shining One
Jiyva
Lugonu

Shops:
D *((:::?((!*!*[[[!


Innate Abilities, Weirdness & Mutations

Your serpentine skin is tough. (AC +3)
You have supernaturally acute eyesight. (SInv)
Armour fits poorly on your strangely shaped body.
Your system is resistant to poisons. (rPois)
You cover ground very slowly.
You can spit poison.
You have a snake-like lower body.


Message History

You feel yourself moving faster!
You feel mighty! The golden dragon bites you!! The golden dragon claws you!
* * * LOW HITPOINT WARNING * * *
The golden dragon tramples you.
* * * LOW HITPOINT WARNING * * *
You stumble backwards!
The shadow dragon barely misses your two-headed ogre.
The shadow dragon claws your two-headed ogre!
The shadow dragon claws your two-headed ogre.
Your two-headed ogre hits the shadow dragon with a +0 giant club!
Your two-headed ogre hits the shadow dragon with a +0 giant club!!
You hit the golden dragon.
The golden dragon is lightly wounded.
Found 27 gold pieces.
Unknown command.
You whack the golden dragon! You freeze the golden dragon.
The golden dragon is lightly wounded.
Your two-headed ogre barely misses the shadow dragon. x2
The golden dragon bites you!
* * * LOW HITPOINT WARNING * * *
The golden dragon closely misses you. The golden dragon barely misses you.
The shadow dragon bites your two-headed ogre!
Your two-headed ogre dies!
Your two-headed ogre's corpse disappears in a puff of smoke!
You hit the golden dragon but do no damage.
The golden dragon is lightly wounded.
Unknown command.
You hit the golden dragon but do no damage.
The golden dragon is lightly wounded.
Unknown command.
You hit the golden dragon.
The golden dragon is lightly wounded.
The golden dragon breathes poison at you.
The blast of poison engulfs you.
You are poisoned.
You resist.
* * * LOW HITPOINT WARNING * * *
The shadow dragon breathes negative energy at you.
The bolt of negative energy hits you!!!
You feel drained.
You die...

##################**********
.§..§.§..#^^'§§§§#,,,,,,,,,*
§§§§.##..'§^#§.§§##,,,,,,,,*
#§§§#######'#)§§§§#****,,,,*
###+#,,,**..#.§.§§#,,,*,,,,*
*,*,**,,,#..##§§.§#,∩,*,,,,*
***,,***,#..≈###§##,,,*,,,,*
,,**,*,*,#..≈,,#§#*#*+*,,,,*
,,*,,***,#..≈.##@#.§,,**,,,*
+**,**,,,*,,≈*#§D§§§§,,**,,*
***,,*+***,,≈#^.§.§§§...*,,*
,***,,,*,≈,,*#^.^.D§§.§.**,*
,*,***,*,≈,,#.§....[§.§,,*,*
,,,,,*,***,,#.....)...§.,*,*
,,,,,*,*,',,##....§...^^**,*
,,****+*^**'*#$$$$$$$$$$*,,*
***,,,,*,*≈≈≈##$$$$$$$$**,,*


You could see a shadow dragon (catching breath) and a golden dragon (catching
breath).

Vanquished Creatures
  A hydra (D)
  2 centaur warriors (D)
  A lindwurm (D)
  A deep troll (D)
  An oklob plant (D)
  A gargoyle (D)
  2 unseen horrors (D)
  2 kobold demonologists (D)
  2 demonic crawlers (D)
  A polar bear (D)
  A hornet (D)
  A slime creature (D)
  Sigmund (D)
  A yak (D)
  2 redbacks (D)
  13 hogs (D)
  3 floating eyes (D)
  7 necrophages (D)
  An ogre (D)
  8 jellies (D)
  Ijyb (D)
53 creatures vanquished.

Vanquished Creatures (collateral kills)
  2 demonic crawlers (D)
2 creatures vanquished.

Vanquished Creatures (others)
  the Lernaean hydra (D)
  A deep elf master archer (D)
  2 merfolk sirens (D)
  A gargoyle (D)
  A hellwing (D)
  4 hornets (D)
  2 ballistomycete spores (D)
12 creatures vanquished.

Grand Total: 67 creatures vanquished

Notes
Turn   | Place    | Note
-------+----------+-------------------------------------------
     0 | D        | mhtbhm the Naga Berserker began the quest for the Orb.
     0 | D        | Reached XP level 1. HP: 21/21 MP: 1/1
     2 | D        | Noticed Ijyb
    13 | D        | Killed Ijyb
    14 | D        | Reached XP level 2. HP: 31/31 MP: 2/2
    14 | D        | Reached XP level 3. HP: 37/37 MP: 3/3
   268 | D        | Noticed an ogre
   276 | D        | Killed an ogre
   277 | D        | Reached XP level 4. HP: 37/49 MP: 4/4
   454 | D        | Noticed Sigmund
   461 | D        | Killed Sigmund
   461 | D        | Reached ** piety under Trog
   462 | D        | Reached XP level 5. HP: 39/58 MP: 5/5
   462 | D        | Reached XP level 6. HP: 45/67 MP: 6/6
   720 | D        | Found an ornate altar of the Wu Jian Council.
   720 | D        | Found a shimmering blue altar of Sif Muna.
   726 | D        | Found a radiant altar of Vehumet.
   782 | D        | Found Deole's Weapon Emporium.
   782 | D        | Found an ancient bone altar of Kikubaaqudgha.
   782 | D        | Found a hazy altar of Hepliaklqana.
   782 | D        | Found a stormy altar of Qazlal.
   782 | D        | Found a hide-covered altar of Uskayaw.
   782 | D        | Found a blossoming altar of Fedhas.
   782 | D        | Found a bloodstained altar of Trog.
   782 | D        | Found an iron altar of Okawaru.
   782 | D        | Found a basalt altar of Yredelemnul.
   782 | D        | Found a glowing golden altar of the Shining One.
   782 | D        | Found a snail-covered altar of Cheibriados.
   782 | D        | Found a sacrificial altar of Ru.
   782 | D        | Found a glowing silver altar of Zin.
   782 | D        | Found a shadowy altar of Dithmenos.
   782 | D        | Found a white marble altar of Elyvilon.
   782 | D        | Noticed a yak
   792 | D        | Killed a yak
   793 | D        | Reached skill level 1 in Stealth
   793 | D        | Reached XP level 7. HP: 76/76 MP: 7/7
   793 | D        | Found an opulent altar of Gozag.
   794 | D        | Found a sparkling altar of Nemelex Xobeh.
   849 | D        | Killed a hornet
   875 | D        | Found a burning altar of Makhleb.
   875 | D        | Found a viscous altar of Jiyva.
   875 | D        | Found a shimmering altar of Xom.
   875 | D        | Found a corrupted altar of Lugonu.
   875 | D        | Noticed a slime creature
   883 | D        | Killed a slime creature
   883 | D        | Reached *** piety under Trog
   884 | D        | Reached skill level 10 in Fighting
   884 | D        | Reached skill level 10 in Maces & Flails
   905 | D        | Killed a deep elf master archer
   955 | D        | Killed a hornet
   988 | D        | Noticed a kobold demonologist
   988 | D        | Noticed a kobold demonologist
   990 | D        | Noticed a rust devil
   993 | D        | Reached skill level 5 in Armour
   994 | D        | Noticed a ynoxinul
  1000 | D        | Noticed a rust devil
  1003 | D        | Killed a kobold demonologist
  1004 | D        | Reached XP level 8. HP: 90/90 MP: 8/8
  1026 | D        | Killed a kobold demonologist
  1026 | D        | Reached **** piety under Trog
  1235 | D        | Killed a gargoyle
  1344 | D        | Noticed Sonja
  1347 | D        | Noticed Sonja
  1347 | D        | Sonja changed into Sonja the polar bear
  1358 | D        | Killed Sonja the polar bear
  1359 | D        | Reached skill level 5 in Dodging
  1412 | D        | Killed a hornet
  1492 | D        | Found Ibimiygo's General Store.
  1500 | D        | Bought a scroll of identify for 20 gold pieces
  1559 | D        | Noticed a deep troll
  1569 | D        | Killed a deep troll
  1570 | D        | Reached XP level 9. HP: 98/98 MP: 9/9
  1616 | D        | Found Calutz Buqu's Armour Emporium.
  1623 | D        | Bought a scarf of repulsion for 156 gold pieces
  1660 | D        | Noticed a centaur warrior
  1661 | D        | Noticed a centaur warrior
  1670 | D        | Killed a centaur warrior
  1671 | D        | Reached skill level 1 in Evocations
  1677 | D        | Killed a centaur warrior
  1787 | D        | Killed a merfolk siren
  1825 | D        | Noticed a hornet
  1836 | D        | Killed a hornet
  1836 | D        | Reached ***** piety under Trog
  1837 | D        | Reached XP level 10. HP: 109/109 MP: 10/10
  1969 | D        | Noticed an oklob plant
  1978 | D        | Killed an oklob plant
  2286 | D        | Noticed an unseen horror
  2288 | D        | Noticed an unseen horror
  2311 | D        | Killed an unseen horror
  2312 | D        | Reached skill level 5 in Stealth
  2319 | D        | Killed an unseen horror
  2417 | D        | Killed a merfolk siren
  2450 | D        | Reached skill level 10 in Armour
  2459 | D        | Identified the +3 dire flail of Zonkah {vorpal, SInv} (Trog
                  | gifted it to you in the Dungeon)
  2459 | D        | Received a gift from Trog
  2578 | D        | Reached ****** piety under Trog
  2586 | D        | Received a gift from Trog
  2646 | D        | Identified the +1 ring mail of a bazaar {*Slow Dex+4 SInv}
  2733 | D        | Found Xoikhlue's Book Shoppe.
  2733 | D        | Found Raureag's Antique Weapon Shop.
  2733 | D        | Found Eguav's Book Boutique.
  2735 | D        | Found Minu's Book Emporium.
  2735 | D        | Found Vuzolusu's Magic Scroll Shop.
  2735 | D        | Found Visif's Antique Weapon Shoppe.
  2735 | D        | Found Intujy's Antique Weapon Boutique.
  2735 | D        | Found Diwuyt Egoja's Distillery.
  2735 | D        | Found Qunog's Assorted Antiques.
  2735 | D        | Found Jeufa's Distillery.
  2741 | D        | Found Zoecorch's Assorted Antiques.
  2742 | D        | Found Syebbeb's Antique Armour Emporium.
  2742 | D        | Found Rukesum's Armour Boutique.
  2743 | D        | Bought a scroll of holy word for 82 gold pieces
  2743 | D        | Found Helude Besith's Distillery.
  2760 | D        | Bought a crude whip for 172 gold pieces
  2760 | D        | Identified the +3 whip of the Open Hand {freeze, rF+ Str+4
                  | Dex+2} (You bought it in a shop in the Dungeon)
  2780 | D        | Bought a +1 helmet of intelligence for 231 gold pieces
  2790 | D        | Bought a potion of heal wounds for 60 gold pieces
  2864 | D        | Received a gift from Trog
  2902 | D        | Killed the 27-headed Lernaean hydra
  3071 | D        | Noticed a gargoyle
  3080 | D        | Killed a gargoyle
  3081 | D        | Reached XP level 11. HP: 121/121 MP: 11/11
  3206 | D        | Noticed a lindwurm
  3218 | D        | Killed a lindwurm
  3252 | D        | Received a gift from Trog
  3269 | D        | Reached skill level 15 in Maces & Flails
  3273 | D        | Reached skill level 15 in Fighting
  3277 | D        | Received a gift from Trog
  3363 | D        | Noticed a 12-headed hydra
  3369 | D        | Killed a 12-headed hydra
  3574 | D        | Noticed a shadow dragon
  3575 | D        | Noticed a golden dragon
  3583 | D        | Killed from afar by a shadow dragon

Illustrated notes

Levels and vault maps discovered:
D:        dungeon_sprint_1 [red_sonja_temple_1, red_sonja_temple_small_1]

Skill      XL: |  1  2  3  4  5  6  7  8  9 10 11 |
---------------+----------------------------------+-----
Fighting       | 4 6 8 9 11 12 14 15 | 15.5
Maces & Flails | 4 6 8 9 11 12 13 14 15 | 15.2
Armour         | 2 3 4 5 7 9 10 | 10.3
Dodging        | 2 3 4 5 6 7 9 |  9.1
Stealth        | 1 2 3 4 7 8 |  8.3
Evocations     | 1 |  1.9
Throwing       | |  0.8

Action                   |  1- 3 |  4- 6 |  7- 9 | 10-12 || total
-------------------------+-------+-------+-------+-------++-------
Melee: Mace              |    14 |    14 |    79 |    61 ||   168
       Dire flail        |       |       |       |    30 ||    30
       Whip              |       |       |       |   110 ||   110
Throw: Dart              |       |       |     1 |       ||     1
Invok: Berserk           |     2 |     3 |     6 |     9 ||    20
       Brothers in Arms  |       |       |       |     3 ||     3
 Abil: Spit Poison       |     2 |     3 |     7 |     4 ||    16
Evoke: Wand              |       |       |     2 |       ||     2
  Use: Scroll            |       |       |     2 |       ||     2
       Potion            |       |       |     1 |     3 ||     4
 Stab: Sleeping          |       |       |       |     3 ||     3
Armor: Skin              |     2 |       |       |       ||     2
       Ring mail         |       |     1 |     6 |       ||     7
       Troll leather arm |       |       |    15 |    51 ||    66
Dodge: Dodged            |     2 |     4 |    41 |   106 ||   153
       Repelled          |       |       |       |     1 ||     1

Table legend: (Time is in decaauts)
 A = Elapsed time spent in this place.
 B = Non-inter-level travel time spent in this place.
 C = Inter-level travel time spent in this place.
 D = Time resting spent in this place.
 E = Time spent auto-exploring this place.
 F = Levels seen in this place.
 G = Mean time per level.
                   A        B        C        D        E       F      G
               +--------+--------+--------+--------+--------+-----+--------+
         Total |   3853 |   3853 |      0 |   2716 |      0 |   1 | 3853.0 |
       Dungeon |   3853 |   3853 |      0 |   2716 |      0 |   1 | 3853.0 |
               +--------+--------+--------+--------+--------+-----+--------+

Top non-repeatable levels by time:
       D: 3853 daAuts
